 Dungeon Crawl Stone Soup version 0.17.0 (webtiles) character file.

213725 Kel the Executioner (level 18, -11/252 HPs)
             Began as a Minotaur Fighter on Nov 9, 2015.
             Was the Champion of Okawaru.
             Killed from afar by a deep elf annihilator (19 damage)
             ... with a poison arrow
             ... on level 2 of the Elven Halls on Dec 3, 2015.
             The game lasted 04:01:12 (56924 turns).

Kel the Executioner (Minotaur Fighter)             Turns: 56924, Time: 04:01:13

Health: -11/252    AC: 38    Str: 27    XL:     18   Next: 65%
Magic:  27/27      EV: 14    Int:  9    God:    Okawaru [******]
Gold:   1267       SH:  0    Dex: 16    Spells: 0 memorised, 17 levels left

rFire  + . .     SeeInvis .     F - +5 executioner's axe (drain)
rCold  . . .     Clarity  .     W - +3 crystal plate armour
rNeg   . . .     SustAt   .     (shield currently unavailable)
rPois  +         Gourm    .     R - +1 hat
rElec  .         Spirit   .     l - +0 cloak {rPois}
rCorr  .         Warding  .     n - +0 pair of gloves {rF+}
rMut   .         Stasis   .     L - +1 pair of boots {Fly}
MR     +++..                    g - amulet of regeneration
Stlth  ..........               J - ring of Robustness {AC+8}
                                Y - ring of the Mage {Wiz MR++ Int+3}

@: confused, berserking, lethally poisoned (-11 -> -12), corroded equipment,
flying, very slightly contaminated, very quick, extremely resistant to hostile
enchantments, extremely unstealthy
A: retaliatory headbutt, horns 2
a: Heroism, Finesse, Renounce Religion, Stop Flying


You were on level 2 of the Elven Halls.
You worshipped Okawaru.
Okawaru was exalted by your worship.
You were not hungry.

You visited 8 branches of the dungeon, and saw 37 of its levels.
You also visited: Labyrinth and Volcano.

You collected 4387 gold pieces.
You spent 3120 gold pieces at shops.

Inventory:

Hand Weapons
 a - a +3 executioner's axe of venom
 b - a +1 blowgun
 m - a +2 scimitar of flaming
 w - a +3 vampiric executioner's axe
 F - a +5 executioner's axe of draining (weapon)
Missiles
 y - 4 throwing nets (quivered)
 H - 116 poisoned needles
 I - 13 curare-tipped needles
Armour
 l - a +0 cloak of poison resistance (worn)
 n - a +0 pair of gloves of fire resistance (worn)
 B - a +1 pair of gloves of strength
 L - a +1 pair of boots of flying (worn)
 R - a +1 hat (worn)
 W - a +3 crystal plate armour (worn)
Rods
 r - a +6 rod of inaccuracy (14/14)
   (You took it off a deep elf mage on level 3 of the Elven Halls)
 O - a +2 rod of ignition (9/9)
   (You found it on level 8 of the Lair of Beasts)
 Q - a +6 rod of ignition (11/11)
   (You took it off a deep elf demonologist on level 3 of the Elven Halls)
Jewellery
 e - an uncursed ring of protection from fire
 g - an amulet of regeneration (around neck)
 t - an uncursed ring of poison resistance
 u - an uncursed amulet of resist mutation
 z - an uncursed ring of positive energy
 G - an uncursed ring of sustain attributes
 J - the ring of Robustness (right hand) {AC+8}
   (You took it off a gnoll on level 6 of the Dungeon)

   [ring of protection]

   It affects your AC (+8).
 K - an uncursed ring of protection from magic
 T - an uncursed ring of ice
 X - an uncursed ring of see invisible
 Y - the ring of the Mage (left hand) {Wiz MR++ Int+3}
   (You found it on level 13 of the Dungeon)

   [ring of wizardry]

   It improves your spell success rate.
   It affects your intelligence (+3).
   It affects your resistance to hostile enchantments.
Wands
 q - a wand of teleportation (2)
 s - a wand of digging (12)
 v - a wand of cold (6)
 M - a wand of draining (5)
Scrolls
 h - a scroll of silence
 i - 4 scrolls of teleportation
 k - 2 scrolls of summoning
 p - 10 scrolls of identify
 A - 13 scrolls of remove curse
Potions
 f - a potion of invisibility
 o - 11 potions of curing
 D - 4 potions of might
 S - 2 potions of haste
 Z - 5 potions of berserk rage
Miscellaneous
 c - a phantom mirror
 P - an ornate deck of defence
Comestibles
 d - 5 beef jerkies
 j - 6 bread rations
 x - 4 slices of pizza
 C - 7 meat rations
 N - 5 fruits
 U - 12 royal jellies


   Skills:
 + Level 16.5 Fighting
 * Level 21.9 Axes
 + Level 16.7 Armour
 + Level 15.1 Dodging
   Level 4.2 Shields
 + Level 13.8 Invocations


You had 17 spell levels left.
You didn't know any spells.

Dungeon Overview and Level Annotations

Branches:
Dungeon (15/15)            Temple (0/1) D:7            Lair (8/8) D:9
 Shoals (4/4) Lair:6        Snake (1/4) Lair:5        Slime (1/6) Lair:6
    Orc (4/4) D:12            Elf (3/3) Orc:3        Vaults (0/5) D:14
 Depths (1/5) D:15

Altars:
Cheibriados
Dithmenos
Elyvilon
Nemelex Xobeh
Okawaru
Ru
Trog
Vehumet
Yredelemnul
Beogh
Jiyva

Shops:
D:4 *   D:7 =   D:14 ?[(*[   Orc:4 !**(   Elf:3 ?

Annotations:
D:13 2 runed doors, exclusion: orange crystal statue
Shoals:4 Aizul, Ilsuiw, Nikola


Innate Abilities, Weirdness & Mutations

You reflexively headbutt those who attack you in melee.
You have a pair of horns on your head.


Message History

The deep elf sorcerer points at you and mumbles some strange words.
Helpless, you fail to dodge the bolt of acid.
* * * LOW HITPOINT WARNING * * *
The acid corrodes you!
The acid burns!
* * * LOW HITPOINT WARNING * * *
The deep elf annihilator hits you but does no damage.
You fly upwards.
There is a stone staircase leading down here.
Drink which item? (? for menu, Esc to quit)
A red film seems to cover your vision as you go berserk!
You feel yourself moving faster!
You feel mighty!
You're too confused to move!
You feel a strong urge to attack something.
The deep elf annihilator barely misses you.
You're too confused to move!
The deep elf annihilator casts a spell at you.
The poison arrow hits you!
You are poisoned.
You partially resist.
You die...

###<......### ##'##.
#.....P..[..# ###...
#..)........# #...⌠.
#..........<########.....
#.....8.....'......'>....
#..P.....P..########.....
#.........[.# #../⌠.
#...!...e...## ###...
###....)@.'######## ###.
###...###.#..(..# ##
##### ##'.....##
#.......# ##.......##
#.........# ###
##.......## #.. #.......#
#.. ##.....## #..


You could see a deep elf annihilator.

Vanquished Creatures
  A deep elf master archer (Elf:3)
  3 deep elf blademasters
  3 krakens (Shoals:3)
  Polyphemus (Shoals:3)
  Gastronok (Lair:2)
  A fire giant (Depths:1)
  Donald (Orc:3)
  2 deep elf sorcerers (Elf:3)
  4 stone giants (Depths:1)
  A very ugly thing (Depths:1)
  A large abomination (Elf:1)
  7 deep elf demonologists
  A salamander stormcaller (D:15)
  3 deep elf annihilators
  5 dire elephants (Lair:8)
  A merfolk javelineer (Shoals:2)
  A minotaur (Lab)
  A deep elf death mage (Elf:3)
  The ghost of Senshi the Brawler, a journeyman TrMo of Ru (D:11)
  The ghost of gg19 the Bludgeoner, a journeyman OgGl of Zin (D:12)
  Snorg (Orc:3)
  A yaktaur captain (D:10)
  2 vault guards (D:14)
  An entropy weaver (Depths:1)
  2 merfolk impalers (Shoals:1)
  A deep elf high priest (Elf:3)
  9 hydras
  2 fire dragons (D:15)
  Harold (Orc:3)
  2 anacondas
  An ice dragon (Depths:1)
  An alligator snapping turtle (Shoals:3)
  3 merfolk aquamancers
  Erica (D:10)
  3 centaur warriors
  2 merfolk avatars (Shoals:3)
  13 dancing weapons (Elf:2)
  3 catoblepae
  3 tengu warriors
  3 deep troll earth magi
  4 satyrs
  2 death yaks (Shoals:3)
  3 deep troll shamans
  10 orc high priests
  A shock serpent (Lair:5)
  Nergalle (D:10)
  A fire crab (shapeshifter) (Elf:1)
  The ghost of dsb250 the Destroyer, a novice DECj of Vehumet (D:9)
  An ice devil (Lair:4)
  5 skeletal warriors (D:13)
  10 deep elf knights
  2 unseen horrors
  8 deep trolls
  11 deep elf summoners
  An orc knight (D:15)
  9 sea snakes
  8 deep elf conjurers
  3 hill giants
  16 harpies
  A necromancer (D:14)
  7 griffons
  3 wizards
  12 manticores
  19 ugly things
  6 water nymphs
  16 fauns
  8 sirens
  8 elephants
  6 cyclopes
  Maurice (D:10)
  11 black mambas
  An ice statue (Lair:4)
  A centaur skeleton (D:13)
  3 spiny frogs
  2 kobold demonologists (D:15)
  4 gargoyles
  A spiny frog (shapeshifter) (D:15)
  2 redback zombies
  A fire drake (shapeshifter) (D:15)
  11 komodo dragons
  6 deep elf priests
  23 merfolk
  25 blink frogs
  A tengu conjurer (Depths:1)
  10 yaktaurs
  4 wind drakes (Shoals:2)
  5 two-headed ogres
  A queen bee (Lair:6)
  6 slime creatures
  2 polar bears (Lair:4)
  5 snapping turtles
  10 trolls
  4 fire drakes
  A tarantella (Depths:1)
  2 redbacks (Depths:1)
  6 water elementals
  4 fire bats
  19 humans
  6 wraiths
  2 trapdoor spiders
  6 wyverns
  2 shadows
  3 hungry ghosts
  17 deep elf magi
  56 yaks
  26 deep elf fighters
  A steam dragon (Lair:4)
  4 basilisks
  8 wargs
  12 hippogriffs
  A mottled dragon (D:14)
  4 vampire mosquitoes (D:15)
  4 wolves (Lair:2)
  34 orc warriors
  14 porcupines
  11 water moccasins
  10 ice beasts
  3 eyes of draining
  4 phantoms
  A sky beast (D:13)
  8 ogres
  3 boggarts (Depths:1)
  9 black bears
  15 centaurs
  10 big kobolds
  20 crocodiles
  20 giant frogs
  2 gnoll sergeants (D:10)
  2 wyvern skeletons
  3 scorpions
  29 killer bees
  14 wights
  6 electric eels (D:10)
  7 crimson imps
  A wasp zombie (D:9)
  A quasit (D:15)
  55 orc priests
  34 orc wizards
  14 iguanas
  Crazy Yiuf (D:3)
  3 centaur zombies
  3 giant frog skeletons
  8 hounds
  Jessica (D:2)
  A gnoll shaman (D:10)
  5 jellies
  39 sheep
  14 worker ants
  2 hound zombies
  2 hound skeletons
  15 adders
  7 gnolls
  50 river rats
  5 shadow imps
  2 white imps (Lair:4)
  3 oozes
  2 adder skeletons
  A worm (D:2)
  5 giant geckos
  191 orcs
  6 bats
  6 giant cockroaches
  5 hobgoblins
  6 jackals
  36 kobolds
  2 quokkas
  4 ball pythons
  4 giant newts
  8 goblins
  A jackal zombie (D:6)
  4 rats
  2 crawling corpses (Elf:3)
  7 fungi
  27 plants
  5 tentacles (Shoals:3)
  A tentacle segment (Shoals:3)
1416 creatures vanquished.

Vanquished Creatures (others)
  Josephine (Lair:4)
  A deep elf high priest (Elf:3)
  A deep troll (Depths:1)
  2 hogs (Volcano)
  A boggart (Depths:1)
  A giant frog (D:15)
  An orc wizard (D:8)
  A sheep (D:14)
  7 fungi
  54 plants
  17 tentacles (Shoals:3)
  894 tentacle segments (Shoals:3)
981 creatures vanquished.

Grand Total: 2397 creatures vanquished

Notes
Turn   | Place    | Note
--------------------------------------------------------------
     0 | D:1      | Kel the Minotaur Fighter began the quest for the Orb.
     0 | D:1      | Reached XP level 1. HP: 19/19 MP: 0/0
   115 | D:1      | Reached XP level 2. HP: 27/27 MP: 1/1
   132 | D:1      | Reached skill level 4 in Armour
   138 | D:1      | Found an iron altar of Okawaru.
   181 | D:1      | Became a worshipper of Warmaster Okawaru
   348 | D:1      | Reached XP level 3. HP: 26/33 MP: 2/2
  1357 | D:2      | Reached XP level 4. HP: 38/40 MP: 3/3
  1375 | D:2      | Noticed Jessica
  1382 | D:2      | Killed Jessica
  1382 | D:2      | Reached skill level 1 in Dodging
  2123 | D:3      | Found a sacrificial altar of Ru.
  2240 | D:3      | Reached skill level 1 in Invocations
  2240 | D:3      | Reached XP level 5. HP: 35/47 MP: 4/4
  2662 | D:3      | Found a basalt altar of Yredelemnul.
  2767 | D:3      | Noticed Crazy Yiuf
  2772 | D:3      | Killed Crazy Yiuf
  2916 | D:4      | Found a white marble altar of Elyvilon.
  3110 | D:4      | Found Qakofaho's Assorted Antiques.
  3117 | D:4      | Bought a blackened copper ring for 90 gold pieces
  3187 | D:4      | Noticed a phantom
  3199 | D:4      | Killed a phantom
  3199 | D:4      | Reached skill level 5 in Armour
  3199 | D:4      | Reached XP level 6. HP: 49/53 MP: 4/6
  3251 | D:4      | You fall through a shaft for 3 floors!
  3340 | D:6      | Found a sparkling altar of Nemelex Xobeh.
  3493 | D:6      | Reached skill level 5 in Axes
  3583 | D:5      | Entered Level 5 of the Dungeon
  3583 | D:5      | Found a radiant altar of Vehumet.
  3906 | D:4      | Noticed a phantom
  3940 | D:4      | Killed a phantom
  3940 | D:4      | Reached * piety under Okawaru
  3940 | D:4      | Reached skill level 5 in Fighting
  3940 | D:4      | Reached XP level 7. HP: 51/61 MP: 7/7
  5127 | D:6      | Reached skill level 6 in Axes
  5374 | D:6      | You fall through a shaft for 3 floors!
  5428 | D:9      | Reached XP level 8. HP: 57/70 MP: 9/9
  5491 | D:9      | Noticed dsb250's ghost (novice DECj)
  5573 | D:8      | Noticed a hippogriff
  5588 | D:8      | Killed a hippogriff
  5588 | D:8      | Reached skill level 7 in Axes
  5593 | D:8      | Reached ** piety under Okawaru
  6347 | D:7      | Reached skill level 8 in Axes
  6489 | D:7      | Found Motwomea's Jewellery Shop.
  6597 | D:7      | Reached skill level 5 in Dodging
  6785 | D:7      | Reached XP level 9. HP: 78/78 MP: 11/11
  6863 | D:7      | Found a staircase to the Ecumenical Temple.
  7451 | D:8      | Reached skill level 9 in Axes
  8407 | D:8      | Noticed a human
  8419 | D:8      | Killed a human
  8435 | D:8      | Reached *** piety under Okawaru
  8563 | D:9      | Killed dsb250's ghost
  8563 | D:9      | Reached skill level 5 in Invocations
  8591 | D:9      | Found a staircase to the Lair.
  8591 | D:9      | Noticed an elephant
  8663 | D:8      | Reached skill level 10 in Axes
  8821 | D:9      | Reached XP level 10. HP: 76/88 MP: 13/13
  9044 | D:9      | Found a white marble altar of Elyvilon.
  9044 | D:9      | Found a shadowy altar of Dithmenos.
  9045 | D:9      | Found an iron altar of Okawaru.
  9256 | D:8      | Killed an elephant
  9256 | D:8      | Reached **** piety under Okawaru
  9557 | D:9      | Noticed a yak
  9558 | D:9      | Noticed a yak
  9558 | D:9      | Noticed a yak
  9558 | D:9      | Noticed a yak
  9559 | D:9      | Noticed a yak
  9566 | D:9      | Killed a yak
  9574 | D:9      | Killed a yak
  9579 | D:9      | Killed a yak
  9594 | D:9      | Killed a yak
  9599 | D:9      | Killed a yak
  9729 | D:9      | Noticed a troll
  9739 | D:9      | Killed a troll
  9739 | D:9      | Reached ***** piety under Okawaru
  9739 | D:9      | Reached skill level 11 in Axes
 10075 | D:9      | Found a bloodstained altar of Trog.
 10253 | Lair:1   | Entered Level 1 of the Lair of Beasts
 10424 | Lair:1   | Found a labyrinth entrance.
 10444 | Lab      | Entered a labyrinth
 10987 | Lab      | Noticed a minotaur
 11008 | Lab      | Killed a minotaur
 11330 | Lab      | Identified the Tome of Ghastly Aid (You found it in a labyrinth)
 11348 | Lab      | Identified Yntech's Guide on the Unstable Rocks (You found it in a labyrinth)
 11438 | Lair:1   | Reached XP level 11. HP: 38/97 MP: 14/14
 11709 | Lair:1   | Noticed a six-headed hydra
 11753 | D:10     | Entered Level 10 of the Dungeon
 12428 | D:10     | Reached skill level 12 in Axes
 12639 | D:10     | Found a snail-covered altar of Cheibriados.
 12664 | D:10     | Noticed Nergalle
 12681 | D:10     | Killed Nergalle
 12869 | D:10     | Received a gift from Okawaru
 13228 | D:10     | Noticed Erica
 13256 | D:10     | Killed Erica
 13408 | D:10     | Reached skill level 10 in Fighting
 13990 | D:10     | Received a gift from Okawaru
 13990 | D:10     | Reached skill level 10 in Armour
 14979 | D:10     | Noticed Maurice
 15001 | D:10     | Reached skill level 13 in Axes
 15127 | D:10     | Killed Maurice
 16574 | Lair:1   | Reached XP level 12. HP: 66/106 MP: 16/16
 16911 | Lair:1   | Killed a three-headed hydra
 17377 | Lair:2   | Reached ****** piety under Okawaru
 17558 | Lair:2   | Noticed Gastronok
 17588 | Lair:2   | Killed Gastronok
 17588 | Lair:2   | Received a gift from Okawaru
 17591 | Lair:2   | Reached skill level 14 in Axes
 18768 | Lair:3   | Noticed a four-headed hydra
 18791 | Lair:3   | Killed a one-headed hydra
 18931 | Lair:3   | Gained mutation: You have sharp fingernails. [potion of mutation]
 18931 | Lair:3   | Gained mutation: You can translocate small distances at will. [potion of mutation]
 18931 | Lair:3   | Gained mutation: Your spells are a little harder to cast, but a little more powerful. [potion of mutation]
 19314 | Lair:4   | Noticed Josephine
 19331 | Lair:4   | Killed Josephine
 19547 | Lair:4   | Reached skill level 10 in Dodging
 19641 | Lair:4   | Reached XP level 13. HP: 104/116 MP: 18/18
 20173 | Lair:4   | Reached skill level 15 in Axes
 20195 | Lair:4   | Identified a scroll of acquirement
 20921 | Lair:5   | Received a gift from Okawaru
 21152 | Lair:5   | Found a staircase to the Snake Pit.
 22432 | Lair:6   | Received a gift from Okawaru
 22890 | Lair:6   | Found a staircase to the Shoals.
 22912 | Lair:6   | You are sucked into a shaft for 2 floors!
 22912 | Lair:8   | Entered Level 8 of the Lair of Beasts
 23015 | Lair:8   | Reached skill level 16 in Axes
 23077 | Lair:8   | Found a dark tunnel.
 23112 | Volcano  | Entered a volcano
 23569 | Lair:8   | Reached skill level 10 in Invocations
 24106 | Lair:7   | Received a gift from Okawaru
 24106 | Lair:7   | Reached XP level 14. HP: 126/126 MP: 20/20
 26447 | Lair:8   | Identified a +2 rod of ignition (9/9) (You found it on level 8 of the Lair of Beasts)
 26726 | Lair:6   | Reached skill level 17 in Axes
 26981 | Lair:6   | Found a viscous altar of Jiyva.
 26985 | Lair:6   | Found a staircase to the Slime Pits.
 26995 | Slime:1  | Entered Level 1 of the Pits of Slime
 27689 | D:11     | Noticed Senshi's ghost (journeyman TrMo)
 28268 | D:11     | Killed Senshi's ghost
 29356 | D:12     | Found a staircase to the Orcish Mines.
 29411 | D:12     | Noticed gg19's ghost (journeyman OgGl)
 29433 | D:12     | Killed gg19's ghost
 29892 | D:12     | Received a gift from Okawaru
 30264 | Orc:1    | Entered Level 1 of the Orcish Mines
 30276 | Orc:1    | Found a radiant altar of Vehumet.
 31373 | Orc:3    | Noticed Snorg
 31386 | Orc:3    | Killed Snorg
 31410 | Orc:3    | Found a roughly hewn altar of Beogh.
 31593 | Orc:3    | Found a staircase to the Elven Halls.
 31642 | Orc:3    | Noticed Donald
 31656 | Orc:3    | Killed Donald
 32019 | Orc:3    | Noticed Harold
 32038 | Orc:3    | Killed Harold
 32224 | Orc:4    | Entered Level 4 of the Orcish Mines
 32320 | Orc:4    | Reached XP level 15. HP: 118/136 MP: 22/22
 32736 | Orc:4    | Found an iron altar of Okawaru.
 33907 | Orc:4    | Found Lezxoi Joutz's Distillery.
 33907 | Orc:4    | Found Keno's General Store.
 34110 | Orc:4    | Found a roughly hewn altar of Beogh.
 34173 | Orc:4    | Found Tenavvok's Assorted Antiques.
 34173 | Orc:4    | Found Casius's Weapon Boutique.
 34195 | Orc:4    | Bought a scroll labeled HELAIH IDDU for 34 gold pieces
 34287 | Orc:4    | Bought a potion of haste for 100 gold pieces
 34287 | Orc:4    | Bought 2 potions of heal wounds for 100 gold pieces
 34287 | Orc:4    | Bought a potion of haste for 100 gold pieces
 34370 | Orc:4    | Bought a potion of heal wounds for 170 gold pieces
 34370 | Orc:4    | Bought a potion of heal wounds for 170 gold pieces
 34370 | Orc:4    | Bought a runed glass wand for 136 gold pieces
 34709 | Elf:1    | Entered Level 1 of the Elven Halls
 34721 | Elf:1    | Reached skill level 18 in Axes
 35104 | Elf:1    | Received a gift from Okawaru
 36287 | D:13     | Gained mutation: Your system is resistant to poisons. [potion of mutation]
 36287 | D:13     | Lost mutation: Your system is resistant to poisons. [potion of mutation]
 36287 | D:13     | Gained mutation: Your spells are harder to cast, but more powerful. [potion of mutation]
 37315 | D:10     | Received a gift from Okawaru
 37671 | D:7      | Bought an uncursed amulet of regeneration for 420 gold pieces
 37671 | D:7      | Bought an uncursed amulet of resist mutation for 560 gold pieces
 37671 | D:7      | Bought an uncursed ring of see invisible for 210 gold pieces
 38025 | D:13     | Found a runed door.
 38278 | D:13     | Found a runed door.
 38551 | D:13     | Found a runed door.
 38566 | D:13     | Found a runed door.
 38597 | D:14     | Found Tosenete's Antique Weapon Emporium.
 38857 | D:14     | Found Liorphir's Armour Shoppe.
 39036 | D:14     | Found Nititaro's Antique Armour Boutique.
 39093 | D:14     | Bought a crude plate armour for 700 gold pieces
 39099 | D:14     | Identified the +1 plate armour of Pride {rF- MR+ Dex+2} (You bought it in a shop on level 14 of the Dungeon)
 39120 | D:14     | Found Nienoom's Assorted Antiques.
 39270 | D:14     | Reached XP level 16. HP: 146/146 MP: 23/23
 39291 | D:14     | Reached skill level 19 in Axes
 39312 | D:14     | Found a gate to the Vaults.
 39679 | D:14     | Found Doinwu's Magic Scroll Shoppe.
 39682 | D:14     | Bought a scroll of enchant armour for 120 gold pieces
 39755 | D:15     | Entered Level 15 of the Dungeon
 40126 | D:15     | Received a gift from Okawaru
 40876 | D:15     | Found a staircase to the Depths.
 41560 | Shoals:1 | Entered Level 1 of the Shoals
 43470 | Depths:1 | Entered Level 1 of the Depths
 44117 | Depths:1 | Reached skill level 15 in Armour
 44226 | Depths:1 | Found a sparkling altar of Nemelex Xobeh.
 44884 | Depths:1 | Received a gift from Okawaru
 44884 | Depths:1 | Reached skill level 20 in Axes
 45560 | Snake:1  | Entered Level 1 of the Snake Pit
 47140 | Lair:3   | Reached XP level 17. HP: 142/152 MP: 25/25
 47143 | Lair:3   | Reached skill level 15 in Fighting
 49313 | Shoals:3 | Received a gift from Okawaru
 50134 | Shoals:3 | Received a gift from Okawaru
 51047 | Shoals:4 | Entered Level 4 of the Shoals
 51063 | Shoals:4 | Noticed Polyphemus
 51076 | Shoals:3 | Reached skill level 21 in Axes
 51123 | Shoals:3 | Lost mutation: You can translocate small distances at will. [potion of cure mutation]
 51123 | Shoals:3 | Lost mutation: Your spells are harder to cast, but more powerful. [potion of cure mutation]
 51123 | Shoals:3 | Lost mutation: You have sharp fingernails. [potion of cure mutation]
 51123 | Shoals:3 | Lost mutation: Your spells are a little harder to cast, but a little more powerful. [potion of cure mutation]
 51190 | Shoals:4 | Noticed Aizul
 51321 | Shoals:3 | Killed Polyphemus
 51349 | Shoals:4 | Received a gift from Okawaru
 51356 | Shoals:4 | Noticed Ilsuiw
 51400 | Shoals:4 | Noticed Nikola
 53473 | Elf:2    | Reached XP level 18. HP: 162/166 MP: 27/27
 53542 | Elf:2    | Found a runed gate.
 53542 | Elf:2    | Found a runed gate.
 53542 | Elf:2    | Found a runed gate.
 55076 | Elf:3    | Entered Level 3 of the Elven Halls
 55230 | Elf:3    | Found Abaufob's Magic Scroll Boutique.
 55236 | Elf:3    | Bought a scroll of enchant weapon for 105 gold pieces
 55236 | Elf:3    | Bought a scroll of enchant weapon for 105 gold pieces
 55858 | Elf:3    | Reached skill level 15 in Dodging
 56431 | Elf:3    | Received a gift from Okawaru
 56920 | Elf:3    | HP: 3/168 [acid (12)]
 56924 | Elf:2    | Killed from afar by a deep elf annihilator

Action                   |  1- 3 |  4- 6 |  7- 9 | 10-12 | 13-15 | 16-18 || total
-------------------------+-------+-------+-------+-------+-------+-------++-------
Melee: War axe           |    66 |   156 |   399 |   523 |       |       ||  1144
       Executioner's axe |       |       |       |   320 |  1334 |  1382 ||  3036
       Scimitar          |       |       |       |     9 |    79 |       ||    88
 Fire: Blowgun           |       |       |       |     2 |       |       ||     2
Invok: Heroism           |       |       |       |       |       |     1 ||     1
       Finesse           |       |       |       |       |       |     1 ||     1
Evoke: Wand              |       |       |     2 |    16 |       |     3 ||    21
  Use: Scroll            |     2 |     3 |    13 |    22 |    14 |    20 ||    74
       Potion            |       |     8 |       |     9 |     8 |    18 ||    43
 Stab: Petrifying        |       |       |       |       |     1 |       ||     1
       Invisible         |       |       |       |       |       |     6 ||     6
  Eat: Bread ration      |       |     1 |       |     2 |     1 |     2 ||     6
       Chunk             |       |     4 |     8 |    21 |    43 |    31 ||   107
       Meat ration       |       |       |     1 |       |       |     6 ||     7
       Pizza             |       |       |     1 |     6 |     1 |     1 ||     9
       Fruit             |       |       |     1 |       |    16 |     5 ||    22
       Beef jerky        |       |       |     1 |       |     1 |     3 ||     5
       Royal jelly       |       |       |       |       |     3 |       ||     3
